 Dungeon Crawl Stone Soup version 0.30-a0-528-g8c47a4955b (webtiles) character file.

Game seed: 17987676340409255024

257 fozzywoppz the Insei (level 5, -2/42 HPs)
             Began as a Demonspawn Monk on Dec 23, 2022.
             Was a Follower of Okawaru.
             Slain by a mummy (15 damage)
             ... in an ossuary.
             The game lasted 00:09:38 (3478 turns).

fozzywoppz the Insei (Demonspawn Monk)              Turns: 3478, Time: 00:09:39

Health: -2/42      AC: 12    Str: 11    XL:     5   Next: 93%
Magic:  3/5        EV: 14    Int: 11    God:    Okawaru [*.....]
Gold:   238        SH:  0    Dex: 18    Spells: 4/4 levels left

rFire   . . .      SeeInvis .      - Unarmed
rCold   + + .      Faith    .    (no shield)
rNeg    . . .      Spirit   .    e - +0 ring mail {rC+}
rPois   .          Reflect  .    (no helmet)
rElec   .          Harm     .    z - +0 cloak
rCorr   .          Rampage  .    s - +0 pair of gloves
Will    .....                    (no boots)
Stlth   +++                      k - amulet of magic regeneration
HPRegen 0.27/turn                g - ring of protection from cold
MPRegen 0.49/turn                i - ring of flight

@: heroic, flying, hasted, studying Long Blades, very quick
A: icy blue scales 2, ignite blood 1, weakness stinger 1
a: Renounce Religion, Heroism


You were in an ossuary.
You worshipped Okawaru.
Okawaru was aware of your devotion.
You visited 1 branch of the dungeon, and saw 5 of its levels.
You also visited: Ossuary.

You collected 238 gold pieces.

Inventory:

Missiles
 x - 8 poisoned darts (quivered)
Armour
 e - a +0 ring mail of cold resistance (worn)
 s - a +0 pair of gloves (worn)
 z - a +0 cloak (worn)
Jewellery
 g - a ring of protection from cold (left hand)
 i - a ring of flight (right hand)
 k - an amulet of magic regeneration (around neck)
 w - a ring of fire
Scrolls
 d - a scroll of enchant armour {unknown}
 h - a scroll of vulnerability {unknown}
 p - a scroll of blinking {unknown}
 r - 2 scrolls of teleportation {unknown}
 v - 2 scrolls of fear {unknown}
 y - a scroll of magic mapping {unknown}
Potions
 b - 2 potions of ambrosia
 f - 3 potions of haste
 l - a potion of flight {unknown}
 m - a potion of lignification {unknown}
 n - 2 potions of mutation
 o - 2 potions of curing
 q - a potion of attraction {unknown}
 t - 2 potions of brilliance
 u - a potion of invisibility {unknown}


   Skills:
 + Level 3.9(8.9) Fighting
 + Level 2.6(7.6) Armour
 - Level 3.0(8.0) Dodging
 - Level 2.0(7.0) Stealth
 + Level 4.5(9.5) Unarmed Combat
 + Level 0.0 Invocations


You had 4 spell levels left.
You didn't know any spells.
Your spell library contained the following spells:

 Spells                   Type           Power      Damage    Failure   Level
 Ensorcelled Hibernation  Hex/Ice        0%         N/A       75%         2
 Ozocubu's Armour         Ice            0%         N/A       92%         3
 Spider Form              Tmut/Pois      0%         N/A       92%         3
 Anguish                  Hex/Necr       0%         N/A       100%        4
 Metabolic Englaciation   Hex/Ice        0%         N/A       100%        5
 Chain Lightning          Conj/Air       0%         N/A       100%        9
 Fire Storm               Conj/Fire      0%         5d1       100%        9
 Shatter                  Erth           0%         3d5*      100%        9
 Simulacrum               Ice/Necr       Unusable   N/A       N/A         6

Dungeon Overview and Level Annotations

Branches:
Dungeon (5/15)            Ossuary (1/1)
 Temple: D:4-7

Altars:
Kikubaaqudgha
Okawaru
Qazlal
Ru
Xom


Innate Abilities, Weirdness & Mutations

You are mostly covered in icy blue scales. (AC +3)
Your demonic aura sometimes causes spilled blood to erupt in flames.
You have a small tail.


Message History

Found a sand-covered staircase.
There is an open door here.
Your hearing returns.
The orc hits you but does no damage.
You hit the orc but do no damage. You hit the orc.
You kill the orc!
Okawaru accepts your kill.
There is an open door, spattered with blood here.
Things that are here:
a +0 club; a +0 leather armour
There is a sand-covered staircase here.
You hear the slow hiss of an avalanche of sand.
The world spins around you as you enter the gateway.
You enter an ossuary!
Found a gate leading back out of this place.
There is an empty arch of ancient stone here.
The mummy closely misses you. The mummy hits you but does no damage.
You hit the mummy.
The mummy is lightly damaged.
You hit the mummy but do no damage.
The mummy is lightly damaged.
The mummy hits you! The mummy closely misses you.
You hit the mummy. You tail-slap the mummy.
The mummy is heavily damaged.
You completely miss the mummy.
The mummy is heavily damaged.
The mummy hits you! The mummy hits you but does no damage. The mummy hits you!
You are too injured to fight recklessly!
Unknown command.
Okay, then.
You feel yourself speed up. The mummy hits you.
* * * LOW HITPOINT WARNING * * *
Okay, then.
Okay, then.
Okay, then.
Okay, then.
You gain the combat prowess of a mighty hero.
The mummy hits you!
You die...

#######
#M#M#.#
#.@M..#
##...##
#.∩.#
#...#
#.∩.#
#...#
##+##


You could see 3 mummies.

Vanquished Creatures
  An orc priest (D:3)
  Crazy Yiuf (D:4)
  An iguana (D:4)
  An orc wizard (D:3)
  5 adders
  6 worms
  3 dart slugs
  6 orcs
  5 endoplasms
  3 giant cockroaches
  8 goblins
  5 hobgoblins
  6 jackals
  6 kobolds
  2 quokkas
  5 ball pythons
  2 bats
  2 frilled lizards
  6 rats
74 creatures vanquished.

Notes
Turn   | Place    | Note
-------+----------+-------------------------------------------
     0 | D:1      | fozzywoppz the Demonspawn Monk began the quest for the Orb.
     0 | D:1      | Reached XP level 1. HP: 18/18 MP: 1/1
   297 | D:1      | Reached skill level 3 in Unarmed Combat
   297 | D:1      | Gained mutation: You are partially covered in icy blue
                  | scales. (AC +2) [demonic ancestry]
   297 | D:1      | Reached XP level 2. HP: 22/24 MP: 2/2
  1030 | D:2      | Gained mutation: Your demonic aura sometimes causes spilled
                  | blood to erupt in flames. [demonic ancestry]
  1030 | D:2      | Reached XP level 3. HP: 26/29 MP: 3/3
  1795 | D:3      | Found an iron altar of Okawaru.
  1813 | D:3      | Reached skill level 1 in Armour
  1975 | D:3      | Gained mutation: You have a small tail. [demonic ancestry]
  1975 | D:3      | Reached XP level 4. HP: 35/35 MP: 4/4
  2336 | D:3      | Reached skill level 4 in Unarmed Combat
  2341 | D:3      | Gained mutation: You are mostly covered in icy blue scales.
                  | (AC +3) [demonic ancestry]
  2341 | D:3      | Reached XP level 5. HP: 33/41 MP: 5/5
  2803 | D:3      | Became a worshipper of Warmaster Okawaru
  2803 | D:3      | Reached * piety under Okawaru
  2803 | D:3      | Reached ** piety under Okawaru
  2830 | D:4      | Found an ancient bone altar of Kikubaaqudgha.
  2834 | D:4      | Found a stormy altar of Qazlal.
  3027 | D:4      | Found a runed translucent door.
  3028 | D:4      | Noticed Crazy Yiuf
  3072 | D:4      | Found a sacrificial altar of Ru.
  3369 | D:4      | Killed Crazy Yiuf
  3419 | D:5      | Entered Level 5 of the Dungeon
  3445 | D:5      | Found a shimmering altar of Xom.
  3458 | D:5      | Found a sand-covered staircase.
  3470 | Ossuary  | Entered an ossuary
  3478 | Ossuary  | Slain by a mummy

Illustrated notes

Levels and vault maps discovered:
D:1:      nzn_arrival_water_spiral, layout_basic
D:2:      layout_loops_ring, minmay_misc_feat_pillars
D:3:      layout_loops_corners, lemuel_crystal_altar, grunt_ministairs_12,
          hex_tiny, reono_crystal_passage
D:4:      layout_basic, grunt_temple_overflow_open,
          mainiacjoe_overflow_cross_hatched, minivault_11, minmay_manual_moon,
          uniq_crazy_yiuf_cottage
D:5:      layout_cave_pools, nicolae_elyvilon_peaceful_grove,
          mainiacjoe_overflow_boulevard, nicolae_ossuary_entry_plus
Ossuary:  ossuary_minmay_chase

Skill      XL: |  1  2  3  4 |
---------------+-------------+-----
Unarmed Combat | 3 4 |  4.5
Stealth        | 2 |  2.0
Dodging        | 3 |  3.0
Armour         | 1 2 |  2.6
Fighting       | |  3.9

Action                   |  1- 3 |  4- 6 || total
-------------------------+-------+-------++-------
Melee: Unarmed           |   148 |   136 ||   284
       Punch             |     5 |     3 ||     8
       Tailslap          |       |    24 ||    24
Invok: Heroism           |       |     2 ||     2
  Use: Scroll            |     3 |     4 ||     7
       Potion            |       |     3 ||     3
 Stab: Sleeping          |     2 |     5 ||     7
Armor: Robe              |    11 |       ||    11
       Leather armour    |    25 |    15 ||    40
       Ring mail         |       |    33 ||    33
Dodge: Dodged            |    87 |    69 ||   156

Table legend: (Time is in decaauts)
 A = Elapsed time spent in this place.
 B = Non-inter-level travel time spent in this place.
 C = Inter-level travel time spent in this place.
 D = Time resting spent in this place.
 E = Time spent auto-exploring this place.
 F = Levels seen in this place.
 G = Mean time per level.
                   A        B        C        D        E       F      G
               +--------+--------+--------+--------+--------+-----+--------+
         Total |   3438 |   3328 |    110 |    110 |   2383 |   6 |  573.0 |
       Dungeon |   3430 |   3320 |    110 |    110 |   2383 |   5 |  686.0 |
       Ossuary |      7 |      7 |      0 |      0 |      0 |   1 |    7.0 |
               +--------+--------+--------+--------+--------+-----+--------+

Top non-repeatable levels by time:
     D:3: 1200 daAuts
     D:1: 824 daAuts
     D:2: 747 daAuts
     D:4: 607 daAuts
     D:5: 50 daAuts
 Ossuary: 7 daAuts
